 Dungeon Crawl Stone Soup version 0.31-a0-664-g902f515a81 (webtiles) character file.

Game seed: 8699461793424950717

18 Xavori the Trooper (level 2, -14/21 HPs)
             Began as an Octopode Chaos Knight on Sept 2, 2023.
             Was a Plaything of Xom.
             Demolished by Sigmund
             ... wielding a +0 scythe
              (19 damage)
             ... on level 2 of the Dungeon.
             The game lasted 00:00:23 (720 turns).

Xavori the Trooper (Octopode Chaos Knight)           Turns: 720, Time: 00:00:24

Health: -14/21     AC:  1    Str: 11    XL:     2   Next: 70%
Magic:  2/2        EV: 13    Int: 14    God:    Xom [..*...]
Gold:   16         SH:  0    Dex: 11    Spells: 1/1 levels left

rFire   . . .        a - +0 short sword (chaos)
rCold   . . .        (no shield)
rNeg    . . .        (helmet restricted)
rPois   .            (no amulet)
rElec   .            (no ring)
rCorr   .            (no ring)
SInv    .            (no ring)
Will    .....        (no ring)
Stlth   ++           (no ring)
HPRegen 0.23/turn    (no ring)
MPRegen 0.08/turn    (no ring)
                     (no ring)

%: no passive effects
@: confused
A: almost no armour, amphibious, 8 rings, camouflage 1, gelatinous body 1,
(nimble swimmer 1), tentacles
a: Renounce Religion


You were on level 2 of the Dungeon.
You worshipped Xom.
You were a toy of Xom.
You visited 1 branch of the dungeon, and saw 2 of its levels.

You collected 16 gold pieces.

Inventory:

Hand Weapons
 a - a +0 short sword of chaos (weapon)
Scrolls
 b - a scroll of butterflies
 e - a scroll of enchant weapon {unknown}
Potions
 c - a potion of brilliance {unknown}
 d - a potion of might {unknown}
 f - 2 potions of degeneration {unknown}
 g - 2 potions of mutation {unknown}


   Skills:
 + Level 3.3 Fighting
 + Level 3.3 Short Blades
 + Level 2.5 Dodging
 + Level 0.5 Stealth


You had one spell level left.
You didn't know any spells.
Your spell library was empty.

Dungeon Overview and Level Annotations

Branches:
Dungeon (2/15)

Altars:

Annotations:
D:2 Sigmund


Innate Abilities, Weirdness & Mutations

You cannot wear most types of armour.
You are amphibious.
You can wear up to eight rings at the same time.
Your skin changes colour to match your surroundings (Stealth+).
Your rubbery body absorbs attacks. (AC +1, EV +1)
((You are camouflaged when in or above water. (Stealth+)))
You have tentacles for arms and can constrict up to eight enemies at once.


Message History

Sigmund the Dreaded comes into view.
He is wielding a +0 scythe.
Sigmund is nearby!
Sigmund is nearby!
Sigmund is nearby!
The helpless Sigmund fails to defend himself.
You hit Sigmund. Your grab misses Sigmund.
Sigmund is lightly wounded.
Sigmund points at you and mumbles some strange words.
The magic dart hits you.
You hit Sigmund. You burn Sigmund. Your grab misses Sigmund.
Sigmund is moderately wounded.
Sigmund closely misses you.
You hit Sigmund but do no damage.
Sigmund seems to grow stronger.
Xom is highly amused!
You grab Sigmund.
Sigmund is moderately wounded.
You constrict Sigmund.
Sigmund is nearby!
You hit Sigmund but do no damage.
Sigmund is poisoned.
You squeeze Sigmund, but do no damage.
Sigmund is moderately wounded.
You constrict Sigmund.
Sigmund gestures wildly while chanting.
Sigmund flickers and vanishes!
Deactivating autopickup; reactivate with Ctrl-A.
Unknown command.
No target in view!
No target in view!
No target in view!
You hit something. You squeeze something. You constrict something.
You hear some strange, mumbled words.
You are confused.
You're too confused to move!
You constrict something. Something hits you!
Ouch! That really hurt!
* * * LOW HITPOINT WARNING * * *
You release your grip on something.
You bump into the rock wall.
Something hits you!!
Ouch! That really hurt!
You die...
Xom titters!

#. #. #. #. # #. .# #.
#.# ###{#.# ##
#....###. #....@#. ###
####..#<# #.#
#.##..#.####. #.#
#.###........ ##.## #.#
#..#####. ##...######.#
#..# ..........#.# #..#
##...####.#.###..#####.
###.###................


There were no monsters in sight!

Vanquished Creatures
  A ball python (D:1)
  4 bats (D:1)
  An endoplasm (D:1)
  2 giant cockroaches (D:1)
  A goblin (D:1)
  2 hobgoblins
  2 jackals (D:1)
  2 kobolds (D:1)
  A frilled lizard (D:2)
16 creatures vanquished.

Notes
Turn   | Place    | Note
-------+----------+-------------------------------------------
     0 | D:1      | Xavori the Octopode Chaos Knight began the quest for the
                  | Orb.
     0 | D:1      | Reached XP level 1. HP: 16/16 MP: 1/1
   122 | D:1      | Reached XP level 2. HP: 15/21 MP: 2/2
   122 | D:1      | XOM: silly message
   271 | D:1      | XOM: silly message
   706 | D:2      | Noticed Sigmund
   720 | D:2      | Demolished by Sigmund

Illustrated notes

Levels and vault maps discovered:
D:1:      minmay_arrival_nine_rooms, layout_basic
D:2:      minmay_razor_zed, layout_loops_ring, basic_altar, minivault_11,
          uniq_sigmund

Action                     || total
---------------------------++-------
  Melee: Short sword       ||    37
         Constrict         ||    10
         Tentacles         ||     8
    Use: Scroll            ||     1
   Stab: Sleeping          ||     6
 Armour: Skin              ||    17
  Dodge: Dodged            ||    25

Table legend: (Time is in decaauts)
 A = Elapsed time spent in this place.
 B = Non-inter-level travel time spent in this place.
 C = Inter-level travel time spent in this place.
 D = Time resting spent in this place.
 E = Time spent auto-exploring this place.
 F = Levels seen in this place.
 G = Mean time per level.
                   A        B        C        D        E       F      G
               +--------+--------+--------+--------+--------+-----+--------+
         Total |    714 |    673 |     41 |      0 |    563 |   2 |  357.0 |
       Dungeon |    714 |    673 |     41 |      0 |    563 |   2 |  357.0 |
               +--------+--------+--------+--------+--------+-----+--------+

Top non-repeatable levels by time:
     D:1: 637 daAuts
     D:2: 76 daAuts
